Map: 블루시프트 LE

Players

SuperNova - Winner!

  • Race: Terran Terran
  • League: Grandmaster
  • Spawn Location: 7:00

llllllllll

  • Race: Terran Terran
  • League: Grandmaster
  • Spawn Location: 1:00

VOD

Have the link to the VOD?

Description

Time

  • Played on: Oct. 17, 2018, 11:30 p.m.
  • Length: 8:57
Show
View Real Time Build Order
Export as new Build Order

SuperNova Terran - Winner!

Build Orders: Cyclone Opening, Reaper Expand 

Get SALT Encoding   

  12  0:00  SCV  
  13  0:13  SCV  
  14  0:17  Supply Depot  
  14  0:25  SCV  
  15  0:30  Refinery  
  15  0:39  SCV  
  16  0:44  Barracks  
  16  0:51  SCV  
  17  1:03  SCV  
  18  1:15  SCV  
  19  1:32  Orbital Command, Reaper  
  20  1:46  Command Center  
  20  1:55  Factory  
  20  1:58  SCV  
  21  2:05  Refinery  
  21  2:08  Barracks Reactor  
  21  2:10  SCV  
  22  2:16  Supply Depot  
  22  2:22  SCV  
  23  2:37  SCV  
  24  2:48  Cyclone, Hellion  
  24  2:49  SCV  
  29  2:53  Supply Depot  
  29  3:03  SCV  
  30  3:15  Cyclone  
  30  3:16  SCV  
  34  3:26  Engineering Bay  
  34  3:31  Cyclone, SCV  
  36  3:38  Orbital Command  
  36  3:45  SCV  
  36  3:47  Cyclone  
  40  3:57  Missile Turret  
  40  3:59  Missile Turret  
  40  4:01  SCV  
  41  4:06  Cyclone, SCV  
  45  4:13  SCV  
  45  4:19  Cyclone  
  45  4:23  SCV  
  44  4:27  SCV  
  45  4:35  SCV  
  46  4:39  SCV  
  46  4:44  Cyclone  
  50  4:47  SCV  
  50  4:51  SCV  
  52  4:53  Supply Depot  
  52  4:59  SCV  
  53  5:03  SCV  
  53  5:08  Cyclone  
  53  5:11  SCV  
  53  5:20  SCV  
  53  5:22  Cyclone  
  56  5:34  SCV  
  57  5:37  SCV  
  57  5:41  Cyclone  
  57  5:42  Supply Depot  
  61  5:43  Command Center  
  61  5:46  Refinery  
  61  5:47  Refinery, SCV  
  62  6:01  Starport  
  62  6:03  SCV, Barracks Reactor  
  63  6:05  Supply Depot  
  63  6:09  SCV  
  61  6:15  SCV  
  62  6:20  Hellion x2  
  62  6:21  SCV  
  67  6:27  Armory  
  67  6:35  SCV x2  
  69  6:44  Hellion x2  
  73  6:47  SCV  
  74  6:54  SCV  
  69  7:02  SCV  
  69  7:04  Viking x2  
  69  7:05  Cyclone x2, Orbital Command  
  80  7:15  SCV  
  75  7:16  SCV  
  76  7:26  Orbital Command  
  76  7:27  SCV, Factory  
  76  7:28  Factory  
  77  7:30  SCV  
  77  7:36  Medivac  
  65  7:37  Medivac  
  80  7:42  Hellion  
  80  7:43  Refinery  
  82  7:44  Hellion x3  
  82  7:47  Refinery  
  82  7:57  SCV  
  65  7:59  SCV  
  65  8:00  SCV  
  64  8:07  Hellion x2  
  64  8:09  SCV  
  64  8:11  SCV  
  70  8:14  Factory Tech Lab x2  
  70  8:17  SCV  
  68  8:21  SCV  
  68  8:26  Viking x2  
  73  8:27  SCV  
  73  8:29  SCV  
  77  8:34  Hellion  
  77  8:36  SCV  
  77  8:39  SCV  
  80  8:41  SCV  
Show
View Real Time Build Order
Export as new Build Order

llllllllll Terran 

Build Orders: 1/1/1, Liberator Opening 

Get SALT Encoding   

  12  0:00  SCV  
  13  0:12  SCV  
  14  0:19  Supply Depot  
  14  0:25  SCV  
  15  0:41  SCV  
  15  0:42  Barracks  
  16  0:45  Refinery  
  16  0:51  Refinery  
  16  0:54  SCV  
  17  1:06  SCV  
  19  1:30  Marine, Orbital Command  
  19  1:31  Factory  
  19  1:41  Supply Depot  
  19  1:49  Reaper  
  20  1:55  SCV  
  21  2:08  SCV  
  22  2:15  Hellion  
  24  2:17  Starport  
  24  2:20  SCV  
  24  2:21  Reaper  
  26  2:28  Supply Depot  
  26  2:32  SCV  
  27  2:37  Liberator  
  27  2:38  Hellion  
  29  2:46  SCV  
  30  2:55  Barracks Tech Lab  
  34  2:58  SCV  
  34  3:06  Cyclone  
  34  3:10  SCV  
  38  3:22  SCV  
  38  3:31  Command Center  
  36  3:37  Supply Depot  
  36  3:43  Barracks Reactor  
  36  3:44  Banshee  
  39  3:59  SCV  
  40  4:09  Factory Tech Lab  
  39  4:11  SCV  
  38  4:23  SCV  
  35  4:27  Siege Tank  
  35  4:29  Raven, Marine x2  
  42  4:35  SCV  
  42  4:38  Refinery  
  43  4:43  Orbital Command  
  43  4:47  SCV, Marine x2  
  43  4:49  Supply Depot  
  46  4:57  Orbital Command  
  46  4:59  SCV  
  50  5:00  Siege Tank  
  47  5:11  SCV, Marine x2  
  41  5:23  SCV  
  41  5:25  SCV  
  43  5:29  Marine x2  
  43  5:30  Raven  
  42  5:36  SCV  
  42  5:39  SCV  
  44  5:46  Siege Tank  
  44  5:48  SCV  
  44  5:49  Marine x2  
  50  5:51  SCV  
  50  5:53  Supply Depot  
  50  6:00  SCV  
  50  6:03  SCV  
  52  6:07  Marine x2  
  52  6:10  Supply Depot  
  54  6:12  SCV  
  54  6:15  SCV  
  54  6:18  Viking  
  58  6:20  Siege Tank  
  58  6:23  Supply Depot  
  58  6:24  SCV  
  62  6:27  SCV  
  62  6:30  Liberator  
  61  6:35  Marine x2  
  61  6:36  SCV  
  61  6:39  SCV  
  65  6:42  Orbital Command  
  65  6:48  SCV  
  67  7:00  SCV  
  62  7:01  Marine x2  
  62  7:02  Siege Tank  
  67  7:12  SCV  
  66  7:21  Command Center  
  66  7:24  SCV  
  67  7:30  SCV, Engineering Bay  
  67  7:32  Engineering Bay  
  67  7:37  SCV  
  69  7:42  SCV  
  69  7:43  Starport Tech Lab  
  69  7:44  Barracks  
  70  7:48  Barracks  
  70  7:49  SCV  
  71  7:54  SCV  
  60  8:01  SCV, Marine  
  54  8:06  SCV  
  54  8:08  Refinery  
  54  8:09  Siege Tank  
  56  8:13  Barracks, SCV, Starport Reactor  
  56  8:15  Barracks  
  56  8:19  SCV  
  56  8:22  Supply Depot  
  56  8:25  SCV  
  57  8:29  Marauder  
  57  8:31  SCV  
  60  8:37  SCV, Marine x2  
  63  8:45  SCV  
Tags
 
Add a new tag
Caveats
  • Supply blocks, unpowered buildings, or Contaminate may cause inaccurate times.
  • Supply counts are checked every 10 seconds.